 Dungeon Crawl Stone Soup version 0.31-a0-1202-ga8fea8b373 (webtiles) character file.

Game seed: 11491651567445678571

3041 totrandom the Changeling (level 9, -2/64 HPs)
             Began as an Octopode Fighter on Dec 12, 2023.
             Slain by a larval oxsting beast (10 damage)
             ... on level 7 of the Dungeon.
             The game lasted 00:25:00 (9993 turns).

totrandom the Changeling (Octopode Fighter)         Turns: 9993, Time: 00:25:00

Health: -2/64      AC:  1    Str: 19    XL:     9   Next: 86%
Magic:  9/9        EV: 19    Int: 12    God:
Gold:   345        SH:  0    Dex: 10    Spells: 8/8 levels left

rFire   + .          .
                       - Unarmed
rCold   . . .        a - melded +0 buckler
rNeg    + + +        (helmet restricted)
rPois   .            (no amulet)
rElec   .            f - +6 ring of strength
rCorr   +            i - ring of see invisible
SInv    +            y - ring of Socoofru {rF+ rN+++ rCorr Str-3 Int+2 Dex-5}
Will    .....        (no ring)
Stlth   ++           (no ring)
HPRegen 0.30/turn    (no ring)
MPRegen 0.11/turn    (no ring)
                     (no ring)

%: no passive effects
@: about to teleport, flux-form, glowing
A: glow, contaminating, almost no armour, amphibious, 8 rings, camouflage 1,
gelatinous body 1, (nimble swimmer 1), tentacles
a: Begin Untransformation


You were on level 7 of the Dungeon.
You were something dangerously unstable.
You visited 2 branches of the dungeon, and saw 8 of its levels.
You also visited: Sewer.

You collected 411 gold pieces.
You spent 66 gold pieces at shops.

Inventory:

Hand Weapons
 b - a +0 sling
   (You found it on level 1 of the Dungeon)
Missiles
 e - 2 throwing nets
Armour
 a - a +0 buckler (melded)
 B - a +0 kite shield
   (You took it off a gnoll sergeant on level 5 of the Dungeon)
Jewellery
 f - a +6 ring of strength (left tentacle)
   (You found it on level 3 of the Dungeon)
 i - a ring of see invisible (right tentacle)
   (You found it on level 6 of the Dungeon)
 y - the ring of Socoofru (on tentacle) {rF+ rN+++ rCorr Str-3 Int+2 Dex-5}
   (You found it on level 5 of the Dungeon)

   [ring of protection from fire]

   Str-3:     It affects your strength (-3).
   Int+2:     It affects your intelligence (+2).
   Dex-5:     It affects your dexterity (-5).
   rF+:       It protects you from fire.
   rN+++:     It renders you almost immune to negative energy.
   rCorr:     It protects you from acid and corrosion.
Talismans
 c - a flux talisman (active)
   (You found it on level 1 of the Dungeon)
 C - a serpent talisman
   (You found it on level 6 of the Dungeon)
Scrolls
 g - a scroll of noise
 j - a scroll of enchant armour {unknown}
 k - a scroll of poison {unknown}
 l - a scroll of vulnerability {unknown}
 m - a scroll of revelation
 n - a scroll of acquirement {unknown}
 p - a scroll of fog
 r - a scroll of identify
 u - a scroll of immolation {unknown}
 v - a scroll of amnesia {unknown}
 w - 2 scrolls of brand weapon
Potions
 d - a potion of might
 h - a potion of invisibility
 o - a potion of cancellation {unknown}
 q - 2 potions of curing
 s - a potion of heal wounds {unknown}
 x - a potion of magic {unknown}
 z - a potion of haste {unknown}
 A - a potion of berserk rage {unknown}
 D - a potion of mutation {unknown}


   Skills:
 + Level 7.1 Fighting
 + Level 7.1 Dodging
 - Level 4.0 Stealth
 - Level 3.0 Shields
 + Level 4.1 Unarmed Combat
 + Level 7.8 Shapeshifting


You had 8 spell levels left.
You didn't know any spells.
Your spell library contained the following spells:

 Spells                   Type           Power      Damage    Failure   Level
 Kiss of Death            Conj/Necr      0%         2d5       32%         1
 Magic Dart               Conj           0%         1d3       32%         1
 Slow                     Hex            0%         N/A       32%         1
 Cigotuvi's Dreadful Rot  Necr/Pois/Air  0%         N/A       45%         2
 Poisonous Vapours        Pois/Air       0%         N/A       45%         2
 Sublimation of Blood     Necr           0%         N/A       45%         2
 Wereblood                Tmut           0%         N/A       45%         2
 Mephitic Cloud           Conj/Pois/Air  0%         N/A       69%         3
 Freezing Cloud           Conj/Ice/Air   0%         6-21      100%        5
 Irradiate                Conj/Tmut      0%         3d11      100%        5
 Summon Hydra             Summ           0%         N/A       100%        7
 Chain Lightning          Conj/Air       0%         N/A       100%        9


Dungeon Overview and Level Annotations

Branches:
Dungeon (7/15)             Temple (1/1) D:5           Sewer (visited)

Altars:
Ashenzari
Cheibriados
Dithmenos
Elyvilon
Gozag
Hepliaklqana
Kikubaaqudgha
Makhleb
Nemelex Xobeh
Okawaru
Qazlal
Ru
Sif Muna
Trog
Uskayaw
Xom
Yredelemnul
Zin
The Shining One

Shops:
D:3 :   D:4 *[   D:6 ?


Innate Abilities, Weirdness & Mutations

You are something dangerously unstable.
You glow with magical radiation, making you easy to see and hit.
Foes you strike become dangerously contaminated with magical radiation.
You are incapable of wielding weapons or throwing items.
You cannot wear most types of armour.
You are amphibious.
You can wear up to eight rings at the same time.
Your skin changes colour to match your surroundings (Stealth+).
Your rubbery body absorbs attacks. (AC +1, EV +1)
((You are camouflaged when in or above water. (Stealth+)))
You have tentacles for arms and can constrict up to eight enemies at once.


Message History

You are poisoned.
The larval oxsting beast poisons you! The ufetubus barely misses you.
The ufetubus misses you. The ufetubus completely misses you. x2
You tentacle-slap the ufetubus.
You kill the ufetubus!
You feel very sick. The ufetubus misses you.
The ufetubus completely misses you. The larval oxsting beast misses you.
Found a scale mail.
You feel sick. The ufetubus completely misses you.
The ufetubus closely misses you. The larval oxsting beast misses you.
The ufetubus closely misses you. The ufetubus misses you.
You tentacle-slap the ufetubus but do no damage.
The ufetubus begins to glow.
Your grab misses the ufetubus.
You feel sick. The ufetubus hits you. The ufetubus completely misses you.
The larval oxsting beast completely misses you.
You tentacle-slap the ufetubus but do no damage.
The ufetubus glows dangerously bright.
Your grab misses the ufetubus.
You feel sick. The ufetubus hits you.
* * * LOW HITPOINT WARNING * * *
The ufetubus misses you. The larval oxsting beast misses you.
You tentacle-slap the ufetubus but do no damage.
The ufetubus shudders as magic cascades through it!!
You kill the ufetubus!
You feel sick.
The larval oxsting beast closely misses you.
As you read the scroll of teleportation, it crumbles to dust.
You feel strangely unstable.
You feel sick. The larval oxsting beast misses you.
You feel sick.
You tentacle-slap the centaur.
The centaur begins to glow.
You squeeze the centaur, but do no damage.
The centaur is lightly wounded.
You feel sick.
You are no longer poisoned.
The centaur unwields a +0 shortbow.
The centaur hits you.
* * * LOW HITPOINT WARNING * * *
The centaur kicks you.
* * * LOW HITPOINT WARNING * * *
The larval oxsting beast hits you!
You die...

...... .....##
......#........
#..............
#.......c.....
#.....H.....#
##.....#H...#
########+#
..........#
####.........
#..####.##p........
#..##..HHcH........
#........#.........
#........#!........
#..................
#..................
#.................[
#.................
#................


You could see 3 mutant beasts and a centaur (contam).

Vanquished Creatures
  Pikel (D:6)
  Sigmund (D:3)
  Eustachio (D:5)
  A steam dragon (D:6)
  A sky beast (D:6)
  4 phantoms
  2 brain worms (Sewer)
  4 kobold brigands
  4 scorpions
  2 gnoll sergeants
  A bullfrog zombie (D:4)
  A centaur zombie (D:4)
  4 jellies
  3 hounds
  2 orc priests
  4 iguanas
  Natasha (thrice) (D:2)
  A scorpion zombie (D:4)
  A hound zombie (D:4)
  A howler monkey zombie (D:4)
  A howler monkey skeleton (D:4)
  17 gnolls
  6 river rats
  13 adders
  2 shadow imps (D:6)
  4 ufetubi
  2 adder zombies (D:4)
  An adder skeleton (D:4)
  A worm (D:3)
  5 dart slugs
  10 orcs
  10 ball pythons
  4 endoplasms
  4 giant cockroaches
  3 goblins
  5 hobgoblins
  5 jackals
  6 quokkas
  5 bats
  4 frilled lizards
  12 kobolds
  A quokka zombie (D:4)
  9 rats
  A rat zombie (D:3)
173 creatures vanquished.

Notes
Turn   | Place    | Note
-------+----------+-------------------------------------------
     0 | D:1      | totrandom the Octopode Fighter began the quest for the Orb.
     0 | D:1      | Reached XP level 1. HP: 16/16 MP: 1/1
   233 | D:1      | Reached skill level 1 in Stealth
   309 | D:1      | Reached XP level 2. HP: 12/21 MP: 2/2
   922 | D:2      | Noticed Natasha
   928 | D:2      | Killed Natasha
   929 | D:2      | Reached XP level 3. HP: 26/26 MP: 3/3
  1072 | D:2      | Noticed Natasha
  1081 | D:2      | Killed Natasha
  1082 | D:2      | Reached skill level 1 in Shapeshifting
  1082 | D:2      | Reached XP level 4. HP: 26/32 MP: 4/4
  1170 | D:2      | Noticed Natasha
  1178 | D:2      | Killed Natasha
  2092 | D:3      | Reached XP level 5. HP: 37/37 MP: 5/5
  2313 | D:3      | Got An Introduction to Gnosis
  2485 | D:3      | Found Vedasag's Book Emporium.
  2640 | D:3      | Found a shadowy altar of Dithmenos.
  2783 | D:3      | Noticed Sigmund
  2797 | D:3      | Found a faded altar of an unknown god.
  2906 | D:3      | Found an ancient bone altar of Kikubaaqudgha.
  2994 | D:4      | Noticed a phantom
  3086 | D:4      | Noticed a phantom
  3170 | D:4      | Killed a phantom
  3171 | D:4      | Reached XP level 6. HP: 15/43 MP: 6/6
  3409 | D:4      | Reached XP level 7. HP: 44/49 MP: 7/7
  3425 | D:4      | Found a glowing drain.
  3429 | Sewer    | Entered a sewer
  3462 | Sewer    | Reached skill level 5 in Fighting
  3462 | Sewer    | Reached skill level 5 in Dodging
  4206 | Sewer    | Reached XP level 8. HP: 48/57 MP: 5/8
  4628 | D:4      | Got Nocvuthre's Quarto of the Wind
  4724 | D:4      | Found Hycsily's Armour Shoppe.
  4737 | D:4      | Found Veribeoh's Overcharged Wands.
  5053 | D:4      | Reached skill level 5 in Shapeshifting
  5076 | D:4      | Found an iron altar of Okawaru.
  5183 | D:5      | Entered Level 5 of the Dungeon
  5185 | D:5      | Found a staircase to the Ecumenical Temple.
  5196 | Temple   | Entered the Ecumenical Temple
  5614 | D:5      | Noticed Eustachio
  5899 | D:5      | Killed Eustachio
  6267 | D:5      | Identified the ring of Socoofru {rF+ rN+++ rCorr Str-3
                  | Int+2 Dex-5}
  7491 | D:3      | Killed Sigmund
  7492 | D:3      | Reached XP level 9. HP: 47/62 MP: 9/9
  8884 | D:6      | Found Ener Cur's Magic Scroll Boutique.
  8943 | D:6      | Bought a scroll of identify for 22 gold pieces
  8943 | D:6      | Bought a scroll of identify for 22 gold pieces
  8943 | D:6      | Bought a scroll of identify for 22 gold pieces
  9491 | D:6      | Noticed Pikel
  9507 | D:6      | Killed Pikel
  9600 | D:6      | Found a shimmering altar of Xom.
  9971 | D:7      | Noticed a juvenile weirdfire beast
  9993 | D:7      | Slain by a larval oxsting beast

Illustrated notes

Levels and vault maps discovered:
D:1:      dpeg_cavernosity, layout_basic
D:2:      layout_loops_cross, uniq_natasha
D:3:      layout_basic, nicolae_dithmenos_through_a_glass_darkly,
          lemuel_zombie_altar_kikubaaqudgha, serial_shops,
          nicolae_shop_tiny_real_fake_doors,
          shapermc_ecumenical_altar_mp_vishouse, kennysheep_generic_room_12,
          uniq_sigmund
D:4:      layout_gridville, okawaru_altar_gauntlet_db, gup_sewer_entry_bowl,
          serial_shops, shop, serial_undead, serial_undead_f, serial_undead_a,
          serial_undead_a, serial_undead_b, nicolae_shop_overcharged_wands
D:5:      layout_layer_cave, minmay_temple_entry_grid, kennysheep_pointless_box,
          uniq_eustachio
D:6:      layout_rooms, lemuel_tele_altar, serial_shops, shop_coins, uniq_pikel
D:7:      layout_basic, nicolae_beast_mode
Temple:   hellmonk_temple_of_storms

Skill      XL: |  1  2  3  4  5  6  7  8  9 |
---------------+----------------------------+-----
Stealth        | 1 2 3 4 |  4.0
Shapeshifting  | 1 2 3 4 7 |  7.8
Fighting       | 4 5 6 7 |  7.1
Dodging        | 4 5 6 7 |  7.1
Unarmed Combat | 4 |  4.1
Shields        | |  3.0

Action                     |  1- 3 |  4- 6 |  7- 9 || total
---------------------------+-------+-------+-------++-------
  Melee: Unarmed           |    30 |    94 |   316 ||   440
         Constrict         |     8 |    25 |    83 ||   116
         Tentacles         |     4 |    27 |    95 ||   126
         Punch             |     1 |     2 |     9 ||    12
   Fire: Sling             |    38 |    83 |   143 ||   264
    Use: Scroll            |       |     3 |    12 ||    15
         Potion            |       |     1 |     3 ||     4
   Stab: Sleeping          |     1 |       |     1 ||     2
 Armour: Skin              |    15 |    34 |   156 ||   205
  Dodge: Dodged            |    35 |    65 |   255 ||   355
  Block: Buckler           |    11 |    15 |    57 ||    83
   Form: Flux              |       |       |     1 ||     1

Table legend: (Time is in decaauts)
 A = Elapsed time spent in this place.
 B = Non-inter-level travel time spent in this place.
 C = Inter-level travel time spent in this place.
 D = Time resting spent in this place.
 E = Time spent auto-exploring this place.
 F = Levels seen in this place.
 G = Mean time per level.
                   A        B        C        D        E       F      G
               +--------+--------+--------+--------+--------+-----+--------+
         Total |  10036 |   9650 |    386 |   1288 |   6226 |   9 | 1115.1 |
       Dungeon |   8876 |   8490 |    386 |   1130 |   5657 |   7 | 1268.0 |
        Temple |      1 |      1 |      0 |      0 |      0 |   1 |    1.0 |
         Sewer |   1159 |   1159 |      0 |    157 |    569 |   1 | 1159.0 |
               +--------+--------+--------+--------+--------+-----+--------+

Top non-repeatable levels by time:
     D:5: 2808 daAuts
     D:4: 1976 daAuts
     D:3: 1305 daAuts
   Sewer: 1159 daAuts
     D:2: 952 daAuts
     D:1: 928 daAuts
     D:6: 865 daAuts
     D:7: 38 daAuts
  Temple: 1 daAuts
